 Dungeon Crawl Stone Soup version 0.19.0-18-g426998a (webtiles) character file.

611 Rrauwl the Gusty (level 7, -6/41 HPs)
             Began as a High Elf Air Elementalist on Nov 11, 2016.
             Was an Initiate of Makhleb.
             Mangled by Prince Ribbit (15 damage)
             ... on level 5 of the Dungeon.
             The game lasted 00:46:04 (3511 turns).

Rrauwl the Gusty (High Elf Air Elementalist)        Turns: 3511, Time: 00:46:05

Health: -6/41      AC:  7    Str:  7    XL:     7   Next: 20%
Magic:  9/15       EV: 14    Int: 20    God:    Makhleb [......]
Gold:   143        SH:  0    Dex: 17    Spells: 2 memorised, 9 levels left

rFire  . . .     SeeInvis .     k - +0 short sword
rCold  . . .     Gourm    .     a - +1 robe
rNeg   . . .     Faith    .     (no shield)
rPois  .         Spirit   .     j - +2 helmet
rElec  .         Reflect  .     (no cloak)
rCorr  .         Harm     .     h - +0 pair of gloves
MR     .....                    (no boots)
Stlth  ++........               (no amulet)
                                (no ring)
                                (no ring)

@: no status effects
A: no striking features
a: Renounce Religion


You were on level 5 of the Dungeon.
You worshipped Makhleb.
Makhleb was noncommittal.
You were not hungry.

You visited 1 branch of the dungeon, and saw 5 of its levels.

You collected 143 gold pieces.

Inventory:

Hand Weapons
 k - a +0 short sword (weapon)
 p - the +4 rapier "Kopler" {flame, Str+4, unknown}
   (You found it on level 4 of the Dungeon)

   It has been specially enchanted to burn those struck by it, causing extra
   injury to most foes and up to half again as much damage against particularly
   susceptible opponents.
   It affects your strength (+4).
Armour
 a - a +1 robe (worn)
 h - a +0 pair of gloves (worn)
 j - a +2 helmet (worn)
Wands
 f - a wand of slowing (26/48)
 i - a wand of polymorph (21/24)
 l - a wand of iceblast (7/15)
 o - a wand of enslavement (12/24)
 r - a wand of slowing (10/48)
Scrolls
 n - a scroll of fog
 s - a scroll of remove curse
Potions
 e - a potion of brilliance
 q - a potion of heal wounds
Books
 b - a book of Air

   Spells                             Type                      Level
   a - Shock                          Conjuration/Air              1
   b - Swiftness                      Charms/Air                   2
   c - Repel Missiles                 Charms/Air                   2
   d - Static Discharge               Conjuration/Air              3
   e - Lightning Bolt                 Conjuration/Air              5
Comestibles
 c - 4 bread rations
 d - a meat ration
 g - 3 fruits


   Skills:
 + Level 0.2 Fighting
 * Level 3.6 Short Blades
 + Level 3.4 Dodging
 - Level 2.1 Stealth
 + Level 4.7 Spellcasting
 + Level 3.4 Conjurations
 + Level 5.8 Air Magic
 * Level 1.8 Invocations
 + Level 0.2 Evocations


You had 9 spell levels left.
You knew the following spells:

 Your Spells              Type           Power        Failure   Level  Hunger
a - Shock                 Conj/Air       ###.         1%          1    None
c - Lightning Bolt        Conj/Air       ###.......   58%         5    ######.


Dungeon Overview and Level Annotations

Branches:
Dungeon (5/15)
 Temple: D:4-7

Altars:
Hepliaklqana
Makhleb
Qazlal
Xom

Annotations:
D:5 Prince Ribbit


Message History

Prince Ribbit is moderately wounded.
Prince Ribbit hits you. Prince Ribbit closely misses you.
Casting: Shock
Confirm with . or Enter, or press ? or * to list all spells.
Aiming: Shock
Press: ? - help, Shift-Dir - straight line The zap hits Prince Ribbit.
Prince Ribbit is moderately wounded.
The zap hits Prince Ribbit.
Prince Ribbit is heavily wounded.
Prince Ribbit hits you!
* * * LOW HITPOINT WARNING * * *
Casting: Shock
Confirm with . or Enter, or press ? or * to list all spells.
Aiming: Shock
Press: ? - help, Shift-Dir - straight line The zap hits Prince Ribbit.
Prince Ribbit is severely wounded.
The zap misses Prince Ribbit.
Prince Ribbit hits you!
You die...

..#.#_#⌠#.#⌠## ......
..8.#.#.#.#..# ..... ..
............⌠# ... ..
............#### #.# .# #+#
..8.#.#.#.#..#..##.####.##...
..#.#.#_#8####...............
..############...............
.........<.#....F............
...........#....@............
....##.....##................
....##.....##########.####...
...........##...##.##.##
................#......#
................#......+
....###....##...#......#
....#####'###...##....##
......#....####'##....#


You could see Prince Ribbit.

Vanquished Creatures
  The ghost of Sokar the Insei, an amateur DsMo (D:4)
  A scorpion (D:5)
  2 orc wizards (D:3)
  2 bullfrog skeletons
  Jessica (D:2)
  Ijyb (D:3)
  2 worker ants (D:4)
  Robin (D:2)
  9 adders
  4 gnolls (D:2)
  An ooze (D:4)
  4 worms
  A dart slug (D:2)
  3 orcs (D:3)
  4 giant cockroaches
  17 goblins
  8 hobgoblins
  11 kobolds
  3 ball pythons
  10 bats
  3 frilled lizards
  7 rats
96 creatures vanquished.

Notes
Turn   | Place    | Note
-------+----------+-------------------------------------------
     0 | D:1      | Rrauwl the High Elf Air Elementalist began the quest for the Orb.
     0 | D:1      | Reached XP level 1. HP: 11/11 MP: 4/4
   275 | D:1      | Reached skill level 4 in Air Magic
   352 | D:1      | Reached XP level 2. HP: 17/17 MP: 2/6
   671 | D:2      | Noticed Robin
   681 | D:2      | Reached XP level 3. HP: 11/21 MP: 1/8
   782 | D:2      | Reached skill level 1 in Short Blades
   865 | D:2      | Learned a level 2 spell: Repel Missiles
  1026 | D:2      | Killed Robin
  1171 | D:2      | Reached XP level 4. HP: 9/27 MP: 4/9
  1260 | D:2      | Noticed Jessica
  1263 | D:2      | Killed Jessica
  1514 | D:2      | Reached XP level 5. HP: 31/31 MP: 8/11
  1702 | D:3      | Noticed Ijyb
  1723 | D:3      | Killed Ijyb
  1723 | D:3      | Reached skill level 5 in Air Magic
  1822 | D:3      | Learned a level 5 spell: Lightning Bolt
  2133 | D:3      | Found a shimmering altar of Xom.
  2207 | D:3      | Reached XP level 6. HP: 33/36 MP: 10/13
  2385 | D:3      | Found a burning altar of Makhleb.
  2395 | D:3      | Became a worshipper of Makhleb the Destroyer
  2706 | D:4      | Noticed Sokar's ghost (amateur DsMo)
  2758 | D:4      | Killed Sokar's ghost
  2758 | D:4      | Reached skill level 1 in Invocations
  3067 | D:4      | Reached XP level 7. HP: 41/41 MP: 11/14
  3127 | D:4      | Got a translucent rapier
  3325 | D:5      | Entered Level 5 of the Dungeon
  3338 | D:5      | Found a hazy altar of Hepliaklqana.
  3346 | D:5      | Found a stormy altar of Qazlal.
  3490 | D:5      | Noticed Prince Ribbit
  3511 | D:5      | Mangled by Prince Ribbit

Skill      XL: |  1  2  3  4  5  6 |
---------------+-------------------+-----
Air Magic      | 4 5 |  5.8
Short Blades   | 1 2 3 |  3.6
Spellcasting   | 3 4 |  4.7
Conjurations   | 2 3 |  3.4
Dodging        | 3 |  3.4
Invocations    | 1 |  1.8
Fighting       | |  0.2
Stealth        | |  2.1
Evocations     | |  0.2

Action                   |  1- 3 |  4- 6 |  7- 9 || total
-------------------------+-------+-------+-------++-------
Melee: Unarmed           |     4 |     2 |       ||     6
       Dagger            |    30 |     2 |       ||    32
       Short sword       |       |    29 |       ||    29
 Cast: Shock             |    59 |   111 |    25 ||   195
Evoke: Wand              |     1 |     2 |     1 ||     4
  Use: Scroll            |     6 |     6 |     2 ||    14
       Potion            |     3 |     7 |       ||    10
 Stab: Sleeping          |       |     1 |       ||     1
  Eat: Chunk             |     1 |     4 |     1 ||     6
       Fruit             |       |     2 |       ||     2
Armor: Robe              |    26 |    29 |     1 ||    56
       Skin              |    14 |     1 |       ||    15
Dodge: Dodged            |    68 |    63 |    15 ||   146
